Blues vs MapleLeafs

Created - Sunday, March 08, 2015 at 01:44

Goals
1 2 3 T
Blues 1 0 0 1
MapleLeafs 2 1 0 3
Shots
1 2 3 T
Blues 7 18 5 30
MapleLeafs 15 15 7 37

1st period

1. MapleLeafs , Drew Doughty 18 (Joe Thornton, Alexander Steen) at 9:16
2. MapleLeafs , Chris Kunitz 31 (Dan Girardi) at 10:11
3. Blues , Josh Gorges 10 (Rick Nash, Artem Anisimov) at 16:31

Penalties :
Artem Anisimov (StL) for Holding (Minor) at 1:09, Steve Ott (StL) for Goalie Interference (Minor) at 4:11, Brandon Saad (StL) for High sticking (Minor) at 11:28

2nd period

4. MapleLeafs , Chris Kunitz 32 (Ryan Kesler, Karl Alzner) at 12:11 (PP)

Penalties :
Zack Smith (Tor) for Tripping (Minor) at 7:18, Johan Franzen (StL) for Hooking (Minor) at 11:40, James Neal (Tor) for Tripping (Minor) at 19:05

3rd period

No Goal

Penalties :
No Penalty

Goalie Stats

Henrik Lundqvist (StL), 34 saves from 37 shots - (0.919), L, 35-14-5, 60:00 minutes
Cory Schneider (Tor), 29 saves from 30 shots - (0.967), W, 34-9-10, 60:00 minutes

Players Stats for Blues

Player Name              G  A  P  +/- PIM S  H  SB GA TA FO     MP     PP MP  PK MP  
------------------------------------------------------------------------------------
Anders Lee               0  0  0   0  0   0  0  0  1  0  0/0     9:23   0:00   0:00 
Andre Benoit             0  0  0   1  0   1  1  0  0  1  0/0    21:58   1:40   3:39 
Andrew Desjardins        0  0  0  -1  0   0  2  1  0  0  3/11   15:36   0:00   2:55 
Artem Anisimov           0  1  1   0  2   2  1  0  1  0  0/0    14:16   0:00   0:00 
Brandon Saad             0  0  0  -1  2   0  1  0  2  1  0/2    18:05   2:37   2:01 
Bryan Allen              0  0  0  -1  0   2  1  2  0  1  0/0    24:27   1:40   2:49 
Cam Atkinson             0  0  0  -1  0   4  1  0  1  0  0/0    15:03   0:05   0:00 
Hampus Lindholm          0  0  0   0  0   0  0  2  0  0  0/0     5:22   0:00   0:00 
Joe Vitale               0  0  0   0  0   0  1  0  1  0  1/1     9:23   0:00   0:00 
Johan Franzen            0  0  0   0  2   6  2  0  2  0  0/1    17:18   1:21   2:46 
Josh Gorges              1  0  1   1  0   2  0  1  0  0  0/0    18:27   2:18   0:00 
Kevan Miller             0  0  0  -1  0   1  1  2  0  1  0/0    17:05   0:00   3:39 
Mark Fayne               0  0  0  -1  0   1  2  3  0  1  0/0    13:02   0:00   0:00 
Rick Nash                0  1  1   0  0   2  1  0  2  1  0/1    16:36   2:37   0:00 
Sean Couturier           0  0  0   0  0   2  1  0  1  1  8/19   19:13   2:37   3:25 
Steve Ott                0  0  0   0  2   1  2  1  0  0  10/18  18:16   1:21   1:49 
Tomas Tatar              0  0  0   0  0   5  1  0  3  0  0/0    20:16   1:16   0:00 
Zdeno Chara              0  0  0  -1  0   1  1  3  0  0  0/0    19:37   2:18   2:49 

Players Stats for MapleLeafs

Player Name              G  A  P  +/- PIM S  H  SB GA TA FO     MP     PP MP  PK MP  
------------------------------------------------------------------------------------
Alexander Steen          0  1  1   1  0   1  0  0  2  1  0/0    19:59   3:12   2:10 
Brandon Sutter           0  0  0  -1  0   2  0  0  2  0  3/8    15:05   0:00   2:10 
Carl Gunnarsson          0  0  0   0  0   1  1  1  0  1  0/0    14:49   0:00   1:05 
Chris Kunitz             2  0  2   1  0   9  2  1  2  0  1/1    16:31   3:16   0:00 
Dan Girardi              0  1  1   2  0   4  2  4  0  0  0/0    24:14   3:52   2:53 
Dominic Moore            0  0  0   0  0   4  0  0  1  0  0/1     8:46   0:00   0:00 
Drew Doughty             1  0  1   2  0   2  2  2  0  1  0/0    24:14   3:52   2:53 
Gregory Campbell         0  0  0   0  0   3  1  1  1  2  1/6    10:57   0:00   1:48 
James Neal               0  0  0   1  2   1  2  1  1  1  0/0    17:48   3:12   0:00 
James van Riemsdyk       0  0  0   1  0   0  0  0  0  0  2/2    16:31   3:16   0:00 
Jarred Tinordi           0  0  0   0  0   0  3  0  0  0  0/0    13:21   0:00   0:00 
Joe Thornton             0  1  1   1  0   0  1  0  1  0  8/14   17:26   3:12   0:00 
Karl Alzner              0  1  1  -1  0   2  0  3  0  2  0/0    22:24   2:36   1:05 
Lee Stempniak            0  0  0  -1  0   2  2  0  2  0  0/0    12:32   0:00   0:00 
Marc-Edouard Vlasic      0  0  0  -1  0   3  1  3  1  0  0/0    20:56   2:36   0:00 
Matt Beleskey            0  0  0   0  0   3  0  1  0  0  0/0     8:46   0:00   0:00 
Ryan Kesler              0  1  1   1  0   0  0  2  2  1  16/21  18:42   3:16   1:48 
Zack Smith               0  0  0  -1  2   0  1  0  0  1  0/0    12:54   0:00   0:00 

3 Stars

1 - Chris Kunitz (Tor)
2 - Cory Schneider (Tor)
3 - Drew Doughty (Tor)

Power Play

Blues - 0 on 2 Attempt(s) - 0.00%
MapleLeafs - 1 on 4 Attempt(s) - 25.00%

Penalty Kill

Blues - 3 on 4 Attempt(s) - 75.00% - Score 0 goal in Penalty Kill
MapleLeafs - 2 on 2 Attempt(s) - 100.00% - Score 0 goal in Penalty Kill

Team Stat

Blues - Hits : 19 - Faceoff Wins : 22 - Blocked Shots : 15 - Penalty Minutes : 8
MapleLeafs - Hits : 18 - Faceoff Wins : 31 - Blocked Shots : 19 - Penalty Minutes : 4

Official

Referees : Unknown
Linesman : Unknown

Game Notes

Dominic Moore is injured at 19:37 of 3rd period (Right Hand)

Finance

Level 1 -- Attendance: 5575 (92.92%) -- Ticket Income $457,150
Level 2 -- Attendance: 4714 (94.28%) -- Ticket Income $249,842
Level 3 -- Attendance: 1808 (90.40%) -- Ticket Income $41,584
Level 4 -- Attendance: 2831 (70.78%) -- Ticket Income $53,789
Luxury Box -- Attendance: 879 (87.90%) -- Ticket Income $153,825
Game was played at the Air Canada Centre'
Total Attendance: 15807 (87.82%)
Total Ticket Income: $956,190
Other Income: $468,533
Total Income: $1,424,723

Blues

5 vs 5 Forward 
   Center                   Left Wing                Right Wing               Time % Phy DF OF 
 1 Sean Couturier           Johan Franzen            Tomas Tatar              34     0   1  4  
 2 Steve Ott                Artem Anisimov           Rick Nash                30     0   1  4  
 3 Andrew Desjardins        Brandon Saad             Cam Atkinson             24     0   2  3  
 4 Joe Vitale               Anders Lee               Tomas Tatar              12     1   2  2  

5 vs 5 Defense 
   Defense                  Defense                                           Time % Phy DF OF 
 1 Zdeno Chara              Bryan Allen                                       35     0   3  2  
 2 Andre Benoit             Josh Gorges                                       32     0   3  2  
 3 Mark Fayne               Kevan Miller                                      19     0   3  2  
 4 Hampus Lindholm          Bryan Allen                                       14     0   3  2  

PowerPlay Forward 
   Center                   Left Wing                Right Wing               Time % Phy DF OF 
 1 Sean Couturier           Brandon Saad             Rick Nash                50     0   0  5  
 2 Steve Ott                Johan Franzen            Tomas Tatar              50     0   0  5  

PowerPlay Defense
   Defense                  Defense                                           Time % Phy DF OF 
 1 Zdeno Chara              Josh Gorges                                       50     1   1  3  
 2 Andre Benoit             Bryan Allen                                       50     1   1  3  

Penalty Kill 4 Players Forward 
   Center                   Wing                     Time % Phy DF OF 
 1 Sean Couturier           Brandon Saad             50     1   4  0  
 2 Steve Ott                Johan Franzen            50     1   4  0  

Penalty Kill 4 Players Defense
   Defense                  Defense                  Time % Phy DF OF 
 1 Zdeno Chara              Bryan Allen              50     2   3  0  
 2 Andre Benoit             Kevan Miller             50     2   3  0  

Penalty Kill - 3 Players Forward 
   Forward                                           Time % Phy DF OF 
 1 Sean Couturier                                    50     1   4  0  
 2 Artem Anisimov                                    50     1   4  0  

Penalty Kill - 3 Players Defense
   Defense                  Defense                  Time % Phy DF OF 
 1 Zdeno Chara              Bryan Allen              50     2   3  0  
 2 Josh Gorges              Kevan Miller             50     2   3  0  

4 vs 4 Forward 
   Center                   Wing                     Time % Phy DF OF 
 1 Sean Couturier           Rick Nash                50     1   3  1  
 2 Johan Franzen            Anders Lee               50     1   3  1  

4 vs 4 Defense
   Defense                  Defense                  Time % Phy DF OF 
 1 Zdeno Chara              Josh Gorges              50     1   3  1  
 2 Mark Fayne               Bryan Allen              50     1   3  1  

Last Minutes Offensive
   Center                   Left Wing                Right Wing               Defense                  Defense                  
   Sean Couturier           Brandon Saad             Rick Nash                Zdeno Chara              Josh Gorges              

Last Minutes Defensive
   Center                   Left Wing                Right Wing               Defense                  Defense                  
   Sean Couturier           Steve Ott                Rick Nash                Zdeno Chara              Josh Gorges              

Goaltenders
Starting : Henrik Lundqvist         
Backup : Frederik Andersen        

Extra Forwards
Normal : Tomas Tatar, Cam Atkinson, Andrew Desjardins - PP : Tomas Tatar, Cam Atkinson - PK : Andrew Desjardins
Extra Defensemen
Normal : Kevan Miller, Bryan Allen, Josh Gorges - PP : Kevan Miller - PK : Zdeno Chara, Josh Gorges
Penalty Shots
Sean Couturier, Steve Ott, Rick Nash, Johan Franzen, Artem Anisimov

MapleLeafs

5 vs 5 Forward 
   Center                   Left Wing                Right Wing               Time % Phy DF OF 
 1 Joe Thornton             Alexander Steen          James Neal               35     0   2  3  
 2 Ryan Kesler              Chris Kunitz             James van Riemsdyk       30     0   2  3  
 3 Brandon Sutter           Zack Smith               Lee Stempniak            22     0   2  3  
 4 Gregory Campbell         Dominic Moore            Matt Beleskey            13     0   2  3  

5 vs 5 Defense 
   Defense                  Defense                                           Time % Phy DF OF 
 1 Drew Doughty             Dan Girardi                                       40     0   2  3  
 2 Karl Alzner              Marc-Edouard Vlasic                               35     0   2  3  
 3 Carl Gunnarsson          Jarred Tinordi                                    25     1   2  2  
 4 Jarred Tinordi           Drew Doughty                                      0      0   2  3  

PowerPlay Forward 
   Center                   Left Wing                Right Wing               Time % Phy DF OF 
 1 Joe Thornton             Alexander Steen          James Neal               60     0   1  4  
 2 Ryan Kesler              Chris Kunitz             James van Riemsdyk       40     0   1  4  

PowerPlay Defense
   Defense                  Defense                                           Time % Phy DF OF 
 1 Drew Doughty             Dan Girardi                                       55     0   1  4  
 2 Karl Alzner              Marc-Edouard Vlasic                               45     0   1  4  

Penalty Kill 4 Players Forward 
   Center                   Wing                     Time % Phy DF OF 
 1 Brandon Sutter           Alexander Steen          50     0   4  1  
 2 Ryan Kesler              Gregory Campbell         50     0   4  1  

Penalty Kill 4 Players Defense
   Defense                  Defense                  Time % Phy DF OF 
 1 Drew Doughty             Dan Girardi              50     1   2  2  
 2 Karl Alzner              Carl Gunnarsson          50     1   2  2  

Penalty Kill - 3 Players Forward 
   Forward                                           Time % Phy DF OF 
 1 Brandon Sutter                                    50     0   5  0  
 2 Ryan Kesler                                       50     0   5  0  

Penalty Kill - 3 Players Defense
   Defense                  Defense                  Time % Phy DF OF 
 1 Drew Doughty             Dan Girardi              50     0   5  0  
 2 Karl Alzner              Carl Gunnarsson          50     0   5  0  

4 vs 4 Forward 
   Center                   Wing                     Time % Phy DF OF 
 1 Joe Thornton             Alexander Steen          50     0   2  3  
 2 Ryan Kesler              James Neal               50     0   2  3  

4 vs 4 Defense
   Defense                  Defense                  Time % Phy DF OF 
 1 Drew Doughty             Dan Girardi              50     0   2  3  
 2 Karl Alzner              Marc-Edouard Vlasic      50     0   2  3  

Last Minutes Offensive
   Center                   Left Wing                Right Wing               Defense                  Defense                  
   Joe Thornton             Alexander Steen          Ryan Kesler              Drew Doughty             Dan Girardi              

Last Minutes Defensive
   Center                   Left Wing                Right Wing               Defense                  Defense                  
   Joe Thornton             Alexander Steen          Ryan Kesler              Drew Doughty             Dan Girardi              

Goaltenders
Starting : Cory Schneider           
Backup : Evgeni Nabokov           

Extra Forwards
Normal : Brandon Sutter, Lee Stempniak, Zack Smith - PP : Brandon Sutter, Lee Stempniak - PK : Zack Smith
Extra Defensemen
Normal : Carl Gunnarsson, Jarred Tinordi, Marc-Edouard Vlasic - PP : Marc-Edouard Vlasic - PK : Carl Gunnarsson, Jarred Tinordi
Penalty Shots
Joe Thornton, Alexander Steen, Ryan Kesler, James van Riemsdyk, Chris Kunitz

% Time on Ice - Blues

Lines # - Real PCT - Wanted PCT - Time Play
Normal Forward
1 - 27% - 34% - 13:11
2 - 30% - 30% - 14:43
3 - 25% - 24% - 12:17
4 - 19% - 12% - 9:23
Normal Defense
1 - 29% - 35% - 14:30
2 - 34% - 32% - 16:39
3 - 26% - 19% - 13:03
4 - 11% - 14% - 5:22
PP Forward
1 - 66% - 50% - 2:37
2 - 34% - 50% - 1:21
PP Defense
1 - 58% - 50% - 2:18
2 - 42% - 50% - 1:40
PK Forward
1 - 53% - 50% - 3:25
2 - 47% - 50% - 3:03
PK Defense
1 - 44% - 50% - 2:49
2 - 56% - 50% - 3:39
PK3 Forward
1 - 0% - 50%
2 - 0% - 50%
PK3 Defense
1 - 0% - 50%
2 - 0% - 50%
44 Forward
1 - 0% - 50%
2 - 0% - 50%
44 Defense
1 - 0% - 50%
2 - 0% - 50%
Last Minute Offensive  - 0:00
Last Minute Defensive  - 0:00
Total
Forward - 60:00
Defense - 60:00

% Time on Ice - MapleLeafs

Lines # - Real PCT - Wanted PCT - Time Play
Normal Forward
1 - 29% - 35% - 14:37
2 - 28% - 30% - 13:38
3 - 25% - 22% - 12:32
4 - 18% - 13% - 8:47
Normal Defense
1 - 35% - 40% - 17:29
2 - 38% - 35% - 18:44
3 - 27% - 25% - 13:21
4 - 0% - 0% - 0:00
PP Forward
1 - 49% - 60% - 3:12
2 - 51% - 40% - 3:16
PP Defense
1 - 60% - 55% - 3:52
2 - 40% - 45% - 2:36
PK Forward
1 - 55% - 50% - 2:10
2 - 45% - 50% - 1:48
PK Defense
1 - 73% - 50% - 2:53
2 - 27% - 50% - 1:05
PK3 Forward
1 - 0% - 50%
2 - 0% - 50%
PK3 Defense
1 - 0% - 50%
2 - 0% - 50%
44 Forward
1 - 0% - 50%
2 - 0% - 50%
44 Defense
1 - 0% - 50%
2 - 0% - 50%
Last Minute Offensive  - 0:00
Last Minute Defensive  - 0:00
Total
Forward - 60:00
Defense - 60:00

Play by Play

1st period


0:01 of 1st period - Sean Couturier wins face-off versus Joe Thornton in neutral zone.
0:31 of 1st period - Wrist shot by Johan Franzen.
0:31 of 1st period - Stopped by Cory Schneider with a rebound.
1:09 of 1st period - Minor Penalty to Artem Anisimov for Holding.
1:10 of 1st period - Ryan Kesler wins face-off versus Sean Couturier in Blues zone.
2:15 of 1st period - Alexander Steen is hit by Sean Couturier and loses puck.
2:30 of 1st period - Icing by James van Riemsdyk.
2:31 of 1st period - Steve Ott wins face-off versus Ryan Kesler in MapleLeafs zone.
2:32 of 1st period - Wrist shot by Johan Franzen.
2:32 of 1st period - Deflect By Drew Doughty.
2:32 of 1st period - Shot Misses the Net.
2:32 of 1st period - Puck is out of play.
2:33 of 1st period - Ryan Kesler wins face-off versus Johan Franzen in MapleLeafs zone.
2:38 of 1st period - Snap shot by Johan Franzen.
2:38 of 1st period - Stopped by Cory Schneider with a rebound.
2:40 of 1st period - Slapshot by Zdeno Chara.
2:40 of 1st period - Shot Blocked by Dan Girardi.
2:42 of 1st period - Wrist shot by Zdeno Chara.
2:42 of 1st period - Deflect By Steve Ott.
2:42 of 1st period - Stopped by Cory Schneider with a rebound.
3:09 of 1st period - Penalty to Artem Anisimov is over, Artem Anisimov is back on ice.
3:54 of 1st period - Snap shot by Lee Stempniak.
3:54 of 1st period - Stopped by Henrik Lundqvist with a rebound.
3:56 of 1st period - Snap shot by Lee Stempniak.
3:56 of 1st period - Deflect By Brandon Sutter.
3:56 of 1st period - Shot Hit the Post.
3:56 of 1st period - Puck is out of play.
3:57 of 1st period - Gregory Campbell wins face-off versus Steve Ott in Blues zone.
4:02 of 1st period - Slapshot by Dominic Moore.
4:02 of 1st period - Stopped by Henrik Lundqvist with a rebound.
4:04 of 1st period - Slapshot by Jarred Tinordi.
4:04 of 1st period - Shot Blocked by Mark Fayne.
4:06 of 1st period - Snap shot by Matt Beleskey.
4:06 of 1st period - Stopped by Henrik Lundqvist with a rebound.
4:08 of 1st period - Slapshot by Dominic Moore.
4:08 of 1st period - Stopped by Henrik Lundqvist without a rebound.
4:09 of 1st period - Steve Ott wins face-off versus Gregory Campbell in Blues zone.
4:11 of 1st period - Minor Penalty to Steve Ott for Goalie Interference.
4:12 of 1st period - James van Riemsdyk wins face-off versus Andrew Desjardins in Blues zone.
4:30 of 1st period - Snap shot by Chris Kunitz.
4:30 of 1st period - Stopped by Henrik Lundqvist without a rebound.
4:31 of 1st period - Ryan Kesler wins face-off versus Andrew Desjardins in Blues zone.
4:42 of 1st period - Snap shot by Ryan Kesler.
4:42 of 1st period - Deflect By Chris Kunitz.
4:42 of 1st period - Shot Misses the Net.
4:42 of 1st period - Puck is out of play.
4:43 of 1st period - Joe Thornton wins face-off versus Sean Couturier in Blues zone.
4:56 of 1st period - Slapshot by Drew Doughty.
4:56 of 1st period - Shot Misses the Net.
4:58 of 1st period - Wrist shot by Dan Girardi.
4:58 of 1st period - Stopped by Henrik Lundqvist without a rebound.
4:59 of 1st period - Joe Thornton wins face-off versus Brandon Saad in Blues zone.
5:49 of 1st period - Andre Benoit is hit by Chris Kunitz and loses puck.
6:11 of 1st period - Penalty to Steve Ott is over, Steve Ott is back on ice.
6:34 of 1st period - Icing by Lee Stempniak.
6:35 of 1st period - Joe Vitale wins face-off versus Brandon Sutter in MapleLeafs zone.
6:44 of 1st period - Wrist shot by Tomas Tatar.
6:44 of 1st period - Stopped by Cory Schneider with a rebound.
7:19 of 1st period - Icing by Jarred Tinordi.
7:20 of 1st period - Steve Ott wins face-off versus Gregory Campbell in MapleLeafs zone.
7:45 of 1st period - Slapshot by Karl Alzner.
7:45 of 1st period - Stopped by Henrik Lundqvist with a rebound.
7:47 of 1st period - Snap shot by Matt Beleskey.
7:47 of 1st period - Shot Blocked by Hampus Lindholm.
7:55 of 1st period - Bryan Allen is hit by Marc-Edouard Vlasic and loses puck.
8:24 of 1st period - Slapshot by Chris Kunitz.
8:24 of 1st period - Shot Blocked by Kevan Miller.
8:26 of 1st period - Slapshot by Karl Alzner.
8:26 of 1st period - Shot Blocked by Andrew Desjardins.
8:28 of 1st period - Slapshot by Marc-Edouard Vlasic.
8:28 of 1st period - Stopped by Henrik Lundqvist with a rebound.
9:14 of 1st period - Slapshot by Joe Thornton.
9:14 of 1st period - Shot Misses the Net.
9:16 of 1st period - Slapshot by Drew Doughty.
9:16 of 1st period - Deflect By Mark Fayne.
9:16 of 1st period - Goal by Drew Doughty - Blues : 0 - MapleLeafs : 1.
9:17 of 1st period - Brandon Sutter wins face-off versus Sean Couturier in neutral zone.
9:20 of 1st period - Wrist shot by Zack Smith.
9:20 of 1st period - Shot Misses the Net.
9:51 of 1st period - Snap shot by Lee Stempniak.
9:51 of 1st period - Stopped by Henrik Lundqvist without a rebound.
9:52 of 1st period - Ryan Kesler wins face-off versus Steve Ott in Blues zone.
9:55 of 1st period - Wrist shot by Chris Kunitz.
9:55 of 1st period - Stopped by Henrik Lundqvist without a rebound.
9:56 of 1st period - Ryan Kesler wins face-off versus Steve Ott in Blues zone.
10:05 of 1st period - Snap shot by Steve Ott.
10:05 of 1st period - Shot Misses the Net.
10:11 of 1st period - Wrist shot by Chris Kunitz.
10:11 of 1st period - Goal by Chris Kunitz - Blues : 0 - MapleLeafs : 2.
10:12 of 1st period - Ryan Kesler wins face-off versus Sean Couturier in neutral zone.
10:56 of 1st period - Icing by Drew Doughty.
10:57 of 1st period - Ryan Kesler wins face-off versus Andrew Desjardins in MapleLeafs zone.
10:57 of 1st period - Ryan Kesler is hit by Andrew Desjardins.
11:28 of 1st period - Minor Penalty to Brandon Saad for High sticking.
11:29 of 1st period - Joe Thornton wins face-off versus Sean Couturier in Blues zone.
11:51 of 1st period - Snap shot by James Neal.
11:51 of 1st period - Deflect By Sean Couturier.
11:51 of 1st period - Stopped by Henrik Lundqvist without a rebound.
11:52 of 1st period - Ryan Kesler wins face-off versus Sean Couturier in Blues zone.
12:42 of 1st period - Slapshot by Andre Benoit.
12:42 of 1st period - Shot Misses the Net.
13:28 of 1st period - Penalty to Brandon Saad is over, Brandon Saad is back on ice.
15:09 of 1st period - Snap shot by Matt Beleskey.
15:09 of 1st period - Stopped by Henrik Lundqvist with a rebound.
15:15 of 1st period - Snap shot by Marc-Edouard Vlasic.
15:15 of 1st period - Shot Misses the Net.
15:26 of 1st period - Off-side.
15:27 of 1st period - Joe Thornton wins face-off versus Andrew Desjardins in neutral zone.
15:43 of 1st period - Slapshot by Zdeno Chara.
15:43 of 1st period - Deflect By Cam Atkinson.
15:43 of 1st period - Shot Misses the Net.
15:43 of 1st period - Puck is out of play.
15:44 of 1st period - Joe Thornton wins face-off versus Sean Couturier in MapleLeafs zone.
16:15 of 1st period - Wrist shot by Johan Franzen.
16:15 of 1st period - Stopped by Cory Schneider without a rebound.
16:16 of 1st period - Steve Ott wins face-off versus Brandon Sutter in MapleLeafs zone.
16:29 of 1st period - Snap shot by Rick Nash.
16:29 of 1st period - Stopped by Cory Schneider with a rebound.
16:31 of 1st period - Wrist shot by Josh Gorges.
16:31 of 1st period - Deflect By Zack Smith.
16:31 of 1st period - Goal by Josh Gorges - Blues : 1 - MapleLeafs : 2.
16:32 of 1st period - Sean Couturier wins face-off versus Ryan Kesler in neutral zone.
16:48 of 1st period - Icing by Drew Doughty.
16:49 of 1st period - Ryan Kesler wins face-off versus Sean Couturier in MapleLeafs zone.
17:02 of 1st period - Slapshot by Johan Franzen.
17:02 of 1st period - Shot Blocked by Ryan Kesler.
17:04 of 1st period - Snap shot by Bryan Allen.
17:04 of 1st period - Shot Blocked by Chris Kunitz.
17:35 of 1st period - Bryan Allen is hit by Drew Doughty and loses puck.
17:46 of 1st period - Marc-Edouard Vlasic is hit by Bryan Allen and loses puck.
19:18 of 1st period - Snap shot by Matt Beleskey.
19:18 of 1st period - Stopped by Henrik Lundqvist with a rebound.
19:24 of 1st period - Dominic Moore is hit by Mark Fayne and loses puck.
Goals for this period are 1 for Blues vs 2 for MapleLeafs.
Shots for this period are 7 for Blues vs 15 for MapleLeafs.

2nd period


0:01 of 2nd period - Sean Couturier wins face-off versus Joe Thornton in neutral zone.
1:52 of 2nd period - Marc-Edouard Vlasic is hit by Andrew Desjardins and loses puck.
2:52 of 2nd period - Snap shot by Gregory Campbell.
2:52 of 2nd period - Stopped by Henrik Lundqvist without a rebound.
2:53 of 2nd period - Steve Ott wins face-off versus Joe Thornton in Blues zone.
2:53 of 2nd period - Steve Ott is hit by James Neal.
3:17 of 2nd period - Wrist shot by Rick Nash.
3:17 of 2nd period - Shot Misses the Net.
3:59 of 2nd period - Karl Alzner is hit by Johan Franzen and loses puck.
4:17 of 2nd period - Marc-Edouard Vlasic is hit by Cam Atkinson and loses puck.
5:52 of 2nd period - Josh Gorges is hit by Carl Gunnarsson and loses puck.
6:03 of 2nd period - Snap shot by Artem Anisimov.
6:03 of 2nd period - Shot Blocked by Carl Gunnarsson.
6:05 of 2nd period - Slapshot by Josh Gorges.
6:05 of 2nd period - Shot Blocked by James Neal.
6:07 of 2nd period - Wrist shot by Steve Ott.
6:07 of 2nd period - Shot Misses the Net.
7:18 of 2nd period - Minor Penalty to Zack Smith for Tripping.
7:19 of 2nd period - Ryan Kesler wins face-off versus Sean Couturier in MapleLeafs zone.
7:29 of 2nd period - Slapshot by Zdeno Chara.
7:29 of 2nd period - Shot Blocked by Drew Doughty.
7:31 of 2nd period - Snap shot by Josh Gorges.
7:31 of 2nd period - Stopped by Cory Schneider with a rebound.
7:33 of 2nd period - Snap shot by Sean Couturier.
7:33 of 2nd period - Stopped by Cory Schneider with a rebound.
7:35 of 2nd period - Slapshot by Zdeno Chara.
7:35 of 2nd period - Shot Blocked by Ryan Kesler.
7:37 of 2nd period - Slapshot by Josh Gorges.
7:37 of 2nd period - Shot Misses the Net.
7:57 of 2nd period - Brandon Sutter is hit by Steve Ott and loses puck.
8:40 of 2nd period - Drew Doughty is hit by Steve Ott and loses puck.
9:18 of 2nd period - Penalty to Zack Smith is over, Zack Smith is back on ice.
9:57 of 2nd period - Wrist shot by Joe Thornton.
9:57 of 2nd period - Shot Blocked by Kevan Miller.
9:59 of 2nd period - Slapshot by Marc-Edouard Vlasic.
9:59 of 2nd period - Stopped by Henrik Lundqvist with a rebound.
10:01 of 2nd period - Slapshot by Karl Alzner.
10:01 of 2nd period - Shot Misses the Net.
10:03 of 2nd period - Snap shot by Karl Alzner.
10:03 of 2nd period - Shot Misses the Net.
10:05 of 2nd period - Slapshot by Marc-Edouard Vlasic.
10:05 of 2nd period - Shot Blocked by Mark Fayne.
10:07 of 2nd period - Slapshot by Marc-Edouard Vlasic.
10:07 of 2nd period - Stopped by Henrik Lundqvist with a rebound.
11:40 of 2nd period - Minor Penalty to Johan Franzen for Hooking.
11:41 of 2nd period - Joe Thornton wins face-off versus Steve Ott in Blues zone.
12:11 of 2nd period - Slapshot by Chris Kunitz.
12:11 of 2nd period - Goal by Chris Kunitz - Blues : 1 - MapleLeafs : 3.
12:12 of 2nd period - Sean Couturier wins face-off versus Brandon Sutter in neutral zone.
12:33 of 2nd period - Snap shot by Brandon Sutter.
12:33 of 2nd period - Stopped by Henrik Lundqvist with a rebound.
12:35 of 2nd period - Snap shot by Jarred Tinordi.
12:35 of 2nd period - Deflect By Lee Stempniak.
12:35 of 2nd period - Shot Blocked by Josh Gorges.
12:35 of 2nd period - Puck is out of play.
12:36 of 2nd period - Steve Ott wins face-off versus Gregory Campbell in Blues zone.
12:43 of 2nd period - Slapshot by Steve Ott.
12:43 of 2nd period - Shot Blocked by Matt Beleskey.
12:45 of 2nd period - Slapshot by Steve Ott.
12:45 of 2nd period - Shot Misses the Net.
12:47 of 2nd period - Slapshot by Mark Fayne.
12:47 of 2nd period - Shot Blocked by Dan Girardi.
12:53 of 2nd period - Snap shot by Rick Nash.
12:53 of 2nd period - Stopped by Cory Schneider with a rebound.
12:57 of 2nd period - Wrist shot by Rick Nash.
12:57 of 2nd period - Shot Blocked by Drew Doughty.
13:01 of 2nd period - Snap shot by Artem Anisimov.
13:01 of 2nd period - Stopped by Cory Schneider with a rebound.
13:03 of 2nd period - Slapshot by Mark Fayne.
13:03 of 2nd period - Stopped by Cory Schneider with a rebound.
13:05 of 2nd period - Slapshot by Artem Anisimov.
13:05 of 2nd period - Shot Hit the Post.
13:07 of 2nd period - Slapshot by Rick Nash.
13:07 of 2nd period - Shot Blocked by Gregory Campbell.
13:09 of 2nd period - Slapshot by Kevan Miller.
13:09 of 2nd period - Stopped by Cory Schneider without a rebound.
13:10 of 2nd period - Andrew Desjardins wins face-off versus Joe Thornton in MapleLeafs zone.
13:13 of 2nd period - Wrist shot by Brandon Saad.
13:13 of 2nd period - Shot Blocked by Karl Alzner.
13:15 of 2nd period - Wrist shot by Bryan Allen.
13:15 of 2nd period - Shot Blocked by Marc-Edouard Vlasic.
13:17 of 2nd period - Slapshot by Cam Atkinson.
13:17 of 2nd period - Stopped by Cory Schneider without a rebound.
13:18 of 2nd period - Joe Thornton wins face-off versus Andrew Desjardins in MapleLeafs zone.
13:25 of 2nd period - Andrew Desjardins is hit by Joe Thornton and loses puck.
13:40 of 2nd period - Slapshot by Cam Atkinson.
13:40 of 2nd period - Shot Misses the Net.
13:42 of 2nd period - Wrist shot by Zdeno Chara.
13:42 of 2nd period - Stopped by Cory Schneider with a rebound.
13:44 of 2nd period - Slapshot by Bryan Allen.
13:44 of 2nd period - Stopped by Cory Schneider with a rebound.
13:46 of 2nd period - Slapshot by Bryan Allen.
13:46 of 2nd period - Stopped by Cory Schneider with a rebound.
14:18 of 2nd period - Wrist shot by Johan Franzen.
14:18 of 2nd period - Stopped by Cory Schneider without a rebound.
14:19 of 2nd period - Ryan Kesler wins face-off versus Steve Ott in MapleLeafs zone.
14:19 of 2nd period - Ryan Kesler is hit by Rick Nash.
14:29 of 2nd period - Snap shot by Steve Ott.
14:29 of 2nd period - Deflect By Artem Anisimov.
14:29 of 2nd period - Stopped by Cory Schneider with a rebound.
14:31 of 2nd period - Slapshot by Josh Gorges.
14:31 of 2nd period - Shot Blocked by Dan Girardi.
14:33 of 2nd period - Wrist shot by Andre Benoit.
14:33 of 2nd period - Stopped by Cory Schneider without a rebound.
14:34 of 2nd period - Brandon Sutter wins face-off versus Steve Ott in MapleLeafs zone.
14:43 of 2nd period - Artem Anisimov is hit by Dan Girardi and loses puck.
15:25 of 2nd period - Drew Doughty is hit by Tomas Tatar and loses puck.
15:34 of 2nd period - Lee Stempniak is hit by Johan Franzen and loses puck.
15:43 of 2nd period - Wrist shot by Johan Franzen.
15:43 of 2nd period - Stopped by Cory Schneider without a rebound.
15:44 of 2nd period - Joe Thornton wins face-off versus Andrew Desjardins in MapleLeafs zone.
16:18 of 2nd period - Wrist shot by Cam Atkinson.
16:18 of 2nd period - Stopped by Cory Schneider with a rebound.
16:20 of 2nd period - Snap shot by Cam Atkinson.
16:20 of 2nd period - Stopped by Cory Schneider with a rebound.
16:22 of 2nd period - Backhand shot by Bryan Allen.
16:22 of 2nd period - Shot Misses the Net.
17:02 of 2nd period - Snap shot by Chris Kunitz.
17:02 of 2nd period - Stopped by Henrik Lundqvist with a rebound.
17:04 of 2nd period - Slapshot by Karl Alzner.
17:04 of 2nd period - Shot Blocked by Zdeno Chara.
17:06 of 2nd period - Slapshot by Karl Alzner.
17:06 of 2nd period - Stopped by Henrik Lundqvist without a rebound.
17:07 of 2nd period - Steve Ott wins face-off versus Gregory Campbell in Blues zone.
17:30 of 2nd period - Snap shot by Gregory Campbell.
17:30 of 2nd period - Stopped by Henrik Lundqvist with a rebound.
17:32 of 2nd period - Slapshot by Dan Girardi.
17:32 of 2nd period - Deflect By Josh Gorges.
17:32 of 2nd period - Stopped by Henrik Lundqvist with a rebound.
17:34 of 2nd period - Snap shot by Gregory Campbell.
17:34 of 2nd period - Stopped by Henrik Lundqvist with a rebound.
17:38 of 2nd period - Slapshot by Dominic Moore.
17:38 of 2nd period - Shot Misses the Net.
17:40 of 2nd period - Slapshot by Dan Girardi.
17:40 of 2nd period - Stopped by Henrik Lundqvist without a rebound.
17:41 of 2nd period - Ryan Kesler wins face-off versus Brandon Saad in Blues zone.
17:54 of 2nd period - Snap shot by Ryan Kesler.
17:54 of 2nd period - Deflect By Chris Kunitz.
17:54 of 2nd period - Shot Misses the Net.
17:54 of 2nd period - Puck is out of play.
17:55 of 2nd period - Ryan Kesler wins face-off versus Andrew Desjardins in Blues zone.
18:22 of 2nd period - Slapshot by Brandon Saad.
18:22 of 2nd period - Shot Blocked by Marc-Edouard Vlasic.
18:36 of 2nd period - Snap shot by Tomas Tatar.
18:36 of 2nd period - Stopped by Cory Schneider with a rebound.
18:48 of 2nd period - Karl Alzner is hit by Mark Fayne and loses puck.
19:03 of 2nd period - Wrist shot by Tomas Tatar.
19:03 of 2nd period - Shot Blocked by Karl Alzner.
19:05 of 2nd period - Minor Penalty to James Neal for Tripping.
19:06 of 2nd period - Sean Couturier wins face-off versus Ryan Kesler in MapleLeafs zone.
19:11 of 2nd period - Snap shot by Sean Couturier.
19:11 of 2nd period - Stopped by Cory Schneider with a rebound.
19:37 of 2nd period - Slapshot by Drew Doughty.
19:37 of 2nd period - Stopped by Henrik Lundqvist with a rebound.
19:39 of 2nd period - Slapshot by Drew Doughty.
19:39 of 2nd period - Deflect By Alexander Steen.
19:39 of 2nd period - Stopped by Henrik Lundqvist with a rebound.
19:41 of 2nd period - Snap shot by Dan Girardi.
19:41 of 2nd period - Deflect By Andre Benoit.
19:41 of 2nd period - Stopped by Henrik Lundqvist with a rebound.
19:43 of 2nd period - Wrist shot by Brandon Sutter.
19:43 of 2nd period - Stopped by Henrik Lundqvist with a rebound.
19:45 of 2nd period - Backhand shot by Dan Girardi.
19:45 of 2nd period - Shot Blocked by Bryan Allen.
Goals for this period are 0 for Blues vs 1 for MapleLeafs.
Shots for this period are 18 for Blues vs 15 for MapleLeafs.

3rd period


0:01 of 3rd period - Steve Ott wins face-off versus Ryan Kesler in neutral zone.
0:12 of 3rd period - Wrist shot by Tomas Tatar.
0:12 of 3rd period - Deflect By Ryan Kesler.
0:12 of 3rd period - Shot Blocked by Karl Alzner.
0:12 of 3rd period - Puck is out of play.
0:13 of 3rd period - Steve Ott wins face-off versus Ryan Kesler in MapleLeafs zone.
0:22 of 3rd period - Slapshot by Tomas Tatar.
0:22 of 3rd period - Stopped by Cory Schneider with a rebound.
0:24 of 3rd period - Slapshot by Zdeno Chara.
0:24 of 3rd period - Deflect By Tomas Tatar.
0:24 of 3rd period - Shot Misses the Net.
0:24 of 3rd period - Puck is out of play.
0:25 of 3rd period - Sean Couturier wins face-off versus Brandon Sutter in MapleLeafs zone.
1:00 of 3rd period - Snap shot by Sean Couturier.
1:00 of 3rd period - Shot Misses the Net.
1:05 of 3rd period - Penalty to James Neal is over, James Neal is back on ice.
1:27 of 3rd period - Off-side.
1:28 of 3rd period - Ryan Kesler wins face-off versus Rick Nash in neutral zone.
1:53 of 3rd period - Slapshot by Artem Anisimov.
1:53 of 3rd period - Shot Misses the Net.
2:31 of 3rd period - Snap shot by Gregory Campbell.
2:31 of 3rd period - Deflect By Dominic Moore.
2:31 of 3rd period - Shot Blocked by Bryan Allen.
2:31 of 3rd period - Puck is out of play.
2:32 of 3rd period - Andrew Desjardins wins face-off versus Dominic Moore in Blues zone.
2:57 of 3rd period - Wrist shot by Dominic Moore.
2:57 of 3rd period - Stopped by Henrik Lundqvist with a rebound.
3:45 of 3rd period - Kevan Miller is hit by Jarred Tinordi.
4:25 of 3rd period - Joe Vitale is hit by Zack Smith and loses puck.
5:10 of 3rd period - Snap shot by Chris Kunitz.
5:10 of 3rd period - Shot Misses the Net.
5:12 of 3rd period - Slapshot by Dan Girardi.
5:12 of 3rd period - Deflect By Chris Kunitz.
5:12 of 3rd period - Stopped by Henrik Lundqvist with a rebound.
5:52 of 3rd period - Josh Gorges is hit by Gregory Campbell and loses puck.
6:01 of 3rd period - Josh Gorges is hit by Drew Doughty and loses puck.
6:20 of 3rd period - Karl Alzner is hit by Andre Benoit and loses puck.
7:08 of 3rd period - Icing by Andrew Desjardins.
7:09 of 3rd period - Andrew Desjardins wins face-off versus Joe Thornton in Blues zone.
7:43 of 3rd period - Joe Thornton is hit by Joe Vitale and loses puck.
8:28 of 3rd period - Icing by Chris Kunitz.
8:29 of 3rd period - Chris Kunitz wins face-off versus Sean Couturier in MapleLeafs zone.
8:29 of 3rd period - Chris Kunitz is hit by Zdeno Chara.
8:35 of 3rd period - Zdeno Chara is hit by Chris Kunitz and loses puck.
8:50 of 3rd period - Snap shot by Matt Beleskey.
8:50 of 3rd period - Shot Misses the Net.
8:52 of 3rd period - Snap shot by Gregory Campbell.
8:52 of 3rd period - Shot Blocked by Zdeno Chara.
8:54 of 3rd period - Slapshot by Karl Alzner.
8:54 of 3rd period - Shot Blocked by Zdeno Chara.
9:12 of 3rd period - Wrist shot by Dominic Moore.
9:12 of 3rd period - Shot Misses the Net.
10:31 of 3rd period - Brandon Sutter is hit by Brandon Saad and loses puck.
10:46 of 3rd period - Wrist shot by Lee Stempniak.
10:46 of 3rd period - Shot Misses the Net.
11:16 of 3rd period - Snap shot by Chris Kunitz.
11:16 of 3rd period - Stopped by Henrik Lundqvist with a rebound.
11:36 of 3rd period - Snap shot by Chris Kunitz.
11:36 of 3rd period - Stopped by Henrik Lundqvist with a rebound.
11:38 of 3rd period - Slapshot by Jarred Tinordi.
11:38 of 3rd period - Deflect By Chris Kunitz.
11:38 of 3rd period - Shot Blocked by Hampus Lindholm.
11:38 of 3rd period - Puck is out of play.
11:39 of 3rd period - Steve Ott wins face-off versus Gregory Campbell in Blues zone.
11:39 of 3rd period - Artem Anisimov is hit by Jarred Tinordi.
11:45 of 3rd period - Carl Gunnarsson is hit by Artem Anisimov and loses puck.
11:54 of 3rd period - Wrist shot by Dominic Moore.
11:54 of 3rd period - Stopped by Henrik Lundqvist with a rebound.
11:56 of 3rd period - Slapshot by Carl Gunnarsson.
11:56 of 3rd period - Shot Misses the Net.
11:58 of 3rd period - Slapshot by Jarred Tinordi.
11:58 of 3rd period - Shot Blocked by Mark Fayne.
12:00 of 3rd period - Snap shot by Dominic Moore.
12:00 of 3rd period - Shot Misses the Net.
12:02 of 3rd period - Slapshot by Carl Gunnarsson.
12:02 of 3rd period - Deflect By Matt Beleskey.
12:02 of 3rd period - Shot Misses the Net.
12:02 of 3rd period - Puck is out of play.
12:03 of 3rd period - Brandon Sutter wins face-off versus Andrew Desjardins in Blues zone.
13:13 of 3rd period - Kevan Miller is hit by James Neal and loses puck.
13:20 of 3rd period - Wrist shot by Tomas Tatar.
13:20 of 3rd period - Stopped by Cory Schneider with a rebound.
13:22 of 3rd period - Slapshot by Josh Gorges.
13:22 of 3rd period - Shot Blocked by Marc-Edouard Vlasic.
13:24 of 3rd period - Snap shot by Tomas Tatar.
13:24 of 3rd period - Stopped by Cory Schneider with a rebound.
13:26 of 3rd period - Slapshot by Andre Benoit.
13:26 of 3rd period - Deflect By Johan Franzen.
13:26 of 3rd period - Stopped by Cory Schneider without a rebound.
13:27 of 3rd period - James van Riemsdyk wins face-off versus Sean Couturier in MapleLeafs zone.
14:18 of 3rd period - Snap shot by Cam Atkinson.
14:18 of 3rd period - Stopped by Cory Schneider with a rebound.
14:26 of 3rd period - Snap shot by Brandon Saad.
14:26 of 3rd period - Shot Blocked by Dan Girardi.
14:52 of 3rd period - Snap shot by Lee Stempniak.
14:52 of 3rd period - Shot Misses the Net.
14:54 of 3rd period - Slapshot by Carl Gunnarsson.
14:54 of 3rd period - Stopped by Henrik Lundqvist without a rebound.
14:55 of 3rd period - Sean Couturier wins face-off versus Brandon Sutter in Blues zone.
14:55 of 3rd period - Sean Couturier is hit by Lee Stempniak.
15:59 of 3rd period - Andre Benoit is hit by Jarred Tinordi.
16:43 of 3rd period - Snap shot by Dominic Moore.
16:43 of 3rd period - Shot Misses the Net.
16:45 of 3rd period - Slapshot by Karl Alzner.
16:45 of 3rd period - Deflect By Gregory Campbell.
16:45 of 3rd period - Shot Misses the Net.
16:45 of 3rd period - Puck is out of play.
16:46 of 3rd period - Ryan Kesler wins face-off versus Steve Ott in Blues zone.
16:49 of 3rd period - Slapshot by Chris Kunitz.
16:49 of 3rd period - Stopped by Henrik Lundqvist with a rebound.
16:54 of 3rd period - Off-side.
16:55 of 3rd period - Ryan Kesler wins face-off versus Steve Ott in neutral zone.
16:58 of 3rd period - Slapshot by Chris Kunitz.
16:58 of 3rd period - Shot Blocked by Steve Ott.
18:08 of 3rd period - Cam Atkinson is hit by Dan Girardi and loses puck.
19:23 of 3rd period - Sean Couturier is hit by Lee Stempniak and loses puck.
19:36 of 3rd period - Dominic Moore is hit by Kevan Miller and loses puck.
19:37 of 3rd period - Dominic Moore from MapleLeafs is injured at 19:37 of 3rd period (Right Hand).
19:38 of 3rd period - Sean Couturier wins face-off versus Joe Thornton in MapleLeafs zone.
Goals for this period are 0 for Blues vs 0 for MapleLeafs.
Shots for this period are 5 for Blues vs 7 for MapleLeafs.


Output by the SimonT Hockey Simulator (STHS) for Eric Dolegowski -- Original Page W3C XHTML 1.0 Valid
Hockey Simulator - Hockey Simulation - Hockey Manager